 Dungeon Crawl Stone Soup version 0.31-a0-826-ga5cc291a1b (webtiles) character file.

Game seed: 14044500826573649267

18 qw the Shooter (level 2, -6/17 HPs)
             Began as a Gargoyle Hunter on Sept 23, 2023.
             Mangled by a worm (7 damage)
             ... on level 2 of the Dungeon.
             The game lasted 00:00:16 (645 turns).

qw the Shooter (Gargoyle Hunter)                     Turns: 645, Time: 00:00:17

Health: -6/17      AC:  8    Str: 14    XL:     2   Next: 70%
Magic:  2/2        EV: 10    Int:  9    God:
Gold:   87         SH:  0    Dex: 13    Spells: 1/1 levels left

rFire   . . .        Y - +0 shortbow
rCold   . . .        (shield currently unavailable)
rNeg    + . .        j - +0 ring mail
rPois   inf          (no helmet)
rElec   +            (no cloak)
rCorr   .            (no gloves)
SInv    .            (no boots)
Will    .....        (no amulet)
Stlth   +            (no ring)
HPRegen 0.22/turn    (no ring)
MPRegen 0.08/turn

%: no passive effects
@: no status effects
A: sickness immunity, AC +2, negative energy resistance 1, electricity
resistance, torment resistance 1, petrification resistance
a: no special abilities


You were on level 2 of the Dungeon.
You visited 1 branch of the dungeon, and saw 2 of its levels.

You collected 87 gold pieces.


Innate Abilities, Weirdness & Mutations

You are immune to sickness and miasma.
Your stone body is resilient. (AC +2)
You are immune to poison.
You resist negative energy. (rN+)
You are resistant to electric shocks. (rElec)
You are resistant to unholy torment.
You are immune to petrification.


   Skills:
 - Level 2.1 Fighting
 - Level 4.6 Ranged Weapons
 + Level 0.9 Armour
 - Level 1.5 Dodging
 - Level 1.1 Stealth


You had one spell level left.
You didn't know any spells.
Your spell library was empty.

Inventory:

Hand Weapons
 Y - a +0 shortbow (weapon)
Armour
 j - a +0 ring mail (worn)
Potions
 d - a potion of resistance {unknown}
 f - a potion of haste {unknown}
 g - a potion of curing {unknown}
 l - a potion of might {unknown}

Dungeon Overview and Level Annotations

Branches:
Dungeon (2/15)

Altars:


Message History

The worm is lightly wounded.
The worm barely misses you.
You shoot an arrow. The arrow hits the worm.
The worm is moderately wounded.
The worm misses you.
You shoot an arrow. The arrow hits the worm.
The worm is heavily wounded.
The worm barely misses you.
You shoot an arrow. The arrow completely misses the worm.
You shoot an arrow. The arrow barely misses the worm.
The worm closely misses you.
You shoot an arrow. The arrow barely misses the worm.
The worm bites you.
You shoot an arrow. The arrow barely misses the worm.
The worm bites you but does no damage.
You shoot an arrow. The arrow barely misses the worm.
The worm bites you.
You shoot an arrow. The arrow hits the worm.
The worm is heavily wounded.
You shoot an arrow.
The arrow hits the worm but does no damage.
The worm is heavily wounded.
The worm closely misses you.
You shoot an arrow.
The arrow hits the worm but does no damage.
The worm is moderately wounded.
The worm barely misses you.
You shoot an arrow. The arrow barely misses the worm.
The worm bites you!
You shoot an arrow. The arrow hits the worm.
The worm is heavily wounded.
You shoot an arrow. The arrow barely misses the worm.
The worm bites you.
You shoot an arrow. The arrow hits the worm.
The worm is heavily wounded.
The worm closely misses you.
You shoot an arrow. The arrow hits the worm.
The worm is severely wounded.
The worm bites you!
You die...

###.....###.....#
#......[# .###..
#.#.###.###.## #
# #%.....#
###..#.#
###..#.##..
#....%.....
#.###.####.##..
#..)..@w.#.#
#..#####....# #.
...# # ..# ... ##


You could see a worm.

Vanquished Creatures
  2 bats (D:1)
  An endoplasm (D:2)
  2 goblins
  5 hobgoblins (D:1)
  2 quokkas
  2 ball pythons
  A frilled lizard (D:1)
15 creatures vanquished.

Notes
Turn   | Place    | Note
-------+----------+-------------------------------------------
     0 | D:1      | qw the Gargoyle Hunter began the quest for the Orb.
     0 | D:1      | Reached XP level 1. HP: 12/12 MP: 1/1
     0 | D:1      | Noticed a red draconian
     0 | D:1      | 0 ||| qw: Version: 0.3-a-83-gcd0e7d8
     0 | D:1      | 0 ||| qw: Game counter: 1849
     0 | D:1      | 0 ||| qw: Melee chars always use a shield: true
     0 | D:1      | 0 ||| qw: God list: Okawaru
     0 | D:1      | 0 ||| qw: Allow faded altars: false
     0 | D:1      | 0 ||| qw: Do Orc after clearing Dungeon:15 true
     0 | D:1      | 0 ||| qw: Do second Lair branch before Depths: true
     0 | D:1      | 0 ||| qw: Lair rune preference: random
     0 | D:1      | 0 ||| qw: Goals: Normal
     0 | D:1      | 0 ||| PLANNING D:1-11
     1 | D:1      | Noticed an orb of fire
     2 | D:1      | Noticed a black draconian
     4 | D:1      | Noticed an ice dragon
     6 | D:1      | Noticed a tentacled monstrosity
     7 | D:1      | Noticed a shadow dragon
     9 | D:1      | Noticed a shadow dragon
    11 | D:1      | Noticed a golden dragon
    11 | D:1      | Noticed a shadow dragon
    13 | D:1      | Noticed a golden dragon
    13 | D:1      | Noticed a shadow dragon
    15 | D:1      | Noticed an iron dragon
    15 | D:1      | Noticed an iron dragon
    17 | D:1      | Noticed a purple draconian
    17 | D:1      | Noticed a large abomination
    21 | D:1      | Noticed an ice dragon
   224 | D:1      | Reached XP level 2. HP: 17/17 MP: 2/2
   289 | D:1      | Found a faded altar of an unknown god.
   563 | D:1      | 563 ||| UPGRADING to +0 ring mail.
   573 | D:1      | 573 ||| DROPPING +0 leather armour.
   574 | D:1      | 574 ||| READING scroll labelled TECA DIPLOQIM.
   575 | D:1      | 575 ||| READING scroll labelled DASYK COGRYM.
   576 | D:1      | 576 ||| READING scroll labelled ZOGEPN GECVULI.
   577 | D:1      | 577 ||| READING scroll labelled WUDGHAUNIQA.
   581 | D:1      | 581 ||| DROPPING scroll of butterflies.
   641 | D:2      | HP: 3/17 [worm (8)]
   643 | D:2      | HP: 1/17 [worm (3)]
   645 | D:2      | Mangled by a worm

Levels and vault maps discovered:
D:1:      shiori_arrival_whats_in_store_for_you, layout_loops_ring,
          chequers_ecumenical_altar_simple_redux
D:2:      layout_loops_ring, uniq_crazy_yiuf_cottage

Action                     || total
---------------------------++-------
   Fire: Shortbow          ||    64
    Use: Scroll            ||     4
 Armour: Leather armour    ||    14
         Ring mail         ||     7
  Dodge: Dodged            ||    16

Table legend:
 A = Non-vault XP
 B = Vault XP
 C = Vault XP percentage of total XP
 D = Non-vault monster count
 E = Vault monster count
 F = Vault count percentage of total count
                 A         B        C        D         E       F
            +---------+---------+-------+---------+---------+-------
      Total |      27 |       0 |   0.0 |      15 |       0 |   0.0
            +---------+---------+-------+---------+---------+-------
        D:1 |      19 |       0 |   0.0 |      11 |       0 |   0.0
        D:2 |       8 |       0 |   0.0 |       4 |       0 |   0.0
            +---------+---------+-------+---------+---------+-------
